 Dungeon Crawl Stone Soup version 0.24.0-125-gc4c63601f3 (webtiles) character file.

Game seed: 9817026022796912746, levelgen mode: deterministic

85 Frank2 the Cudgeler (level 4, -4/34 HPs)
             Began as a Demonspawn Gladiator on Feb 29, 2020.
             Killed from afar by an orc wizard (6 damage)
             ... with a magic dart
             ... on level 3 of the Dungeon.
             The game lasted 00:02:22 (1698 turns).

Frank2 the Cudgeler (Demonspawn Gladiator)          Turns: 1698, Time: 00:02:23

Health: -4/34      AC:  6    Str: 14    XL:     4   Next: 25%
Magic:  4/4        EV: 12    Int:  9    God:
Gold:   137        SH:  0    Dex: 16    Spells: 3/3 levels left

rFire    . . .     SeeInvis .   a - +0 flail
rCold    + . .     Gourm    .   (no shield)
rNeg     . . .     Faith    .   i - +0 ring mail
rPois    .         Spirit   .   c - +0 helmet
rElec    .         Reflect  .   (no cloak)
rCorr    .         Harm     .   (no gloves)
MR       .....                  (no boots)
Stlth    +.........             (no amulet)
HPRegen  0.11/turn              (no ring)
MPRegen  0.09/turn              (no ring)

@: slowed, very slow
A: claws 1, cold resistance 1
a: no special abilities


You were on level 3 of the Dungeon.
You were hungry.

You visited 1 branch of the dungeon, and saw 3 of its levels.

You collected 137 gold pieces.

Inventory:

Hand Weapons
 a - a +0 flail (weapon)
Missiles
 d - 3 throwing nets (quivered)
Armour
 c - a +0 helmet (worn)
 i - a +0 ring mail (worn)
Potions
 e - a potion of curing
 g - a potion of brilliance {unknown}
 h - a potion of might {unknown}
 j - a potion of haste {unknown}
 m - a potion of cancellation {unknown}
 n - a potion of berserk rage {unknown}
Comestibles
 f - 4 rations


   Skills:
 + Level 2.5 Fighting
 + Level 3.6 Maces & Flails
 - Level 1.7 Throwing
 + Level 1.1 Armour
 + Level 3.3 Dodging
 - Level 0.2 Stealth


You had 3 spell levels left.
You didn't know any spells.
Your spell library was empty.

Dungeon Overview and Level Annotations

Branches:
Dungeon (3/15)

Altars:
Hepliaklqana


Innate Abilities, Weirdness & Mutations

You have sharp fingernails.
Your flesh is cold resistant. (rC+)


Message History

Something hits you but does no damage.
You feel better. Something hits you.
* * * LOW HITPOINT WARNING * * *
Something hits you but does no damage.
You hit something. Something hits you but does no damage. Something hits you.
* * * LOW HITPOINT WARNING * * *
You barely miss something. Something hits you but does no damage.
Something hits you.
* * * LOW HITPOINT WARNING * * *
Something hits you but does no damage.
You miss something. Something hits you.
* * * LOW HITPOINT WARNING * * *
You completely miss something. Something hits you.
* * * LOW HITPOINT WARNING * * *
Something hits you but does no damage. Something barely misses you.
You miss something.
Something hits you but does no damage. x2
You hear some strange, mumbled words.
A magic dart appears from out of thin air!
The magic dart hits you.
You die...

#.###...<.....##
##.#.#####.##### ##.##
#.# # #.# #.##### #.#
#...... ## #.#### #####..
o. ###.##.## ##...
...##.####.......####....
.....oo{@).....[....'....
......####...#....###....
#.$## #...##...# ##... #
#........# ##..
#..###...# ##. #..# #...#
# #... ....# #.......##
###.#


You could see 2 orcs.

Vanquished Creatures
  An orc wizard (D:3)
  A worm (D:2)
  3 dart slugs
  An orc (D:3)
  2 ball pythons
  4 bats
  3 giant cockroaches
  4 goblins
  9 hobgoblins
  5 frilled lizards
  7 kobolds
  3 rats
43 creatures vanquished.

Notes
Turn   | Place    | Note
-------+----------+-------------------------------------------
     0 | D:1      | Frank2 the Demonspawn Gladiator began the quest for the
                  | Orb.
     0 | D:1      | Reached XP level 1. HP: 16/16 MP: 1/1
    76 | D:1      | Gained mutation: Your flesh is cold resistant. (rC+)
                  | [demonic ancestry]
    76 | D:1      | Reached XP level 2. HP: 20/22 MP: 2/2
   769 | D:2      | Gained mutation: You have sharp fingernails. [demonic
                  | ancestry]
   769 | D:2      | Reached XP level 3. HP: 26/28 MP: 3/3
  1424 | D:2      | Found a hazy altar of Hepliaklqana.
  1692 | D:3      | Reached skill level 1 in Armour
  1692 | D:3      | Reached XP level 4. HP: 12/34 MP: 4/4
  1698 | D:3      | Killed from afar by an orc wizard

Levels and vault maps discovered:
D:1:      zelgadis_glass_arrival_small, layout_basic, minmay_misc_feat_doors,
          minmay_pentomino_z2
D:2:      layout_loops_ring, lemuel_coloured_pillars_altar,
          minmay_splitting_lines, minmay_stone_trees_large
D:3:      layout_loops_corners

Skill      XL: |  1  2  3 |
---------------+----------+-----
Dodging        | 3 |  3.3
Maces & Flails | 3 |  3.6
Armour         | 1 |  1.1
Fighting       | |  2.5
Throwing       | |  1.7
Stealth        | |  0.2

Action                   |  1- 3 |  4- 6 || total
-------------------------+-------+-------++-------
Melee: Flail             |   118 |     5 ||   123
  Use: Scroll            |     3 |       ||     3
       Potion            |       |     1 ||     1
 Stab: Sleeping          |     1 |       ||     1
  Eat: Chunk             |     2 |       ||     2
Armor: Leather armour    |     7 |       ||     7
       Ring mail         |    32 |     9 ||    41
Dodge: Dodged            |    80 |     1 ||    81
